 Dungeon Crawl Stone Soup version 0.26.1-11-gd32895ea62 (webtiles) character file.

Game seed: 602029235318884641

5481 buriedalive the Nimble (level 10, -7/57 (58) HPs)
             Began as a Deep Elf Ice Elementalist on June 28, 2021.
             Was a Follower of Ashenzari.
             Shot with an arrow by a centaur (12 damage)
             ... on level 9 of the Dungeon.
             The game lasted 00:28:02 (13016 turns).

buriedalive the Nimble (Deep Elf Ice Elementalist) Turns: 13016, Time: 00:28:03

HP:   -7/57 (58)    AC:  3    Str: 13    XL:     10   Next: 42%
MP:   14/21         EV: 35    Int: 28    God:    Ashenzari [*.....]
Gold: 200           SH:  0    Dex: 15    Spells: 10/21 levels left

rFire    + + .     SeeInvis .   D - +1 dagger of the Hall of Blades {pain, Str+8 Int+4} (curse)
rCold    . . .     Faith    .   (no shield)
rNeg     . . .     Spirit   .   w - +0 leather armour {rF+}
rPois    .         Reflect  .   k - +0 helmet
rElec    .         Harm     .   y - +0 cloak {Stlth+}
rCorr    .         Rampage  .   (no gloves)
Will     +....                  (no boots)
Stlth    ++........             n - amulet of the acrobat
HPRegen  0.19/turn              (no ring)
MPRegen  0.17/turn              (no ring)

@: acrobat, studying Staves, lightly drained
A: blurry vision 1, deformed body, fire resistance 1
a: Renounce Religion, Curse Item, Scrying


You were on level 9 of the Dungeon.
You worshipped Ashenzari.
Ashenzari was aware of your devotion.
You visited 2 branches of the dungeon, and saw 10 of its levels.

You collected 373 gold pieces.
You spent 173 gold pieces at shops.

Inventory:

Hand Weapons
 A - a +2 dagger of freezing
 C - a +5 dagger of speed
 D - the cursed +1 dagger of the Hall of Blades (weapon) {pain, Str+8 Int+4}
   (You found it on level 8 of the Dungeon)

   In the hands of one skilled in necromantic magic, it inflicts extra damage on
   living creatures.
   It affects your strength (+8).
   It affects your intelligence (+4).
   It has a curse placed upon it.
Missiles
 d - 103 stones
 s - 11 poisoned darts
 B - 14 sling bullets
Armour
 a - a +0 robe
 k - a +0 helmet (worn)
 l - a +1 robe of willpower
 w - a +0 leather armour of fire resistance (worn)
 y - a +0 cloak of stealth (worn)
Jewellery
 f - an uncursed ring of fire
 n - an amulet of the acrobat (around neck)
Wands
 b - a wand of enslavement (8)
 e - a wand of iceblast (7)
 v - a wand of polymorph (12)
Scrolls
 c - 3 scrolls of remove curse
 h - a scroll of fog
 j - 4 scrolls of identify
 p - a scroll of enchant armour {unknown}
Potions
 i - 4 potions of curing
 r - a potion of attraction
 t - 4 potions of haste
 u - a potion of resistance
 x - 2 potions of lignification
 z - 2 potions of magic
Books
 q - a manual of Staves


   Skills:
 + Level 4.4 Fighting
 + Level 11.9 Dodging
 - Level 2.4 Stealth
 - Level 6.0 Spellcasting
 - Level 6.0 Summonings
 - Level 10.0 Ice Magic


You had 10 spell levels left.
You knew the following spells:

 Your Spells              Type           Power        Failure   Level
a - Freeze                Ice            100%         1%          1
b - Frozen Ramparts       Ice            100%         1%          3
c - Ozocubu's Armour      Ice            59%          1%          3
d - Summon Ice Beast      Ice/Summ       52%          2%          4

Your spell library contained the following spells:

 Spells                   Type           Power        Failure   Level
 Hailstorm                Conj/Ice       36%          10%         4
 Confusing Touch          Hex            8%           22%         3
 Gell's Gravitas          Tloc           4%           22%         3
 Metabolic Englaciation   Hex/Ice        18%          26%         5
 Petrify                  Tmut/Erth      8%           58%         4
 Yara's Violent Unravell  Hex/Tmut       4%           91%         5


Dungeon Overview and Level Annotations

Branches:
Dungeon (9/15)             Temple (1/1) D:4
   Lair: D:8-11         Orc: D:9-12

Altars:
Ashenzari
Cheibriados
Dithmenos
Elyvilon
Gozag
Hepliaklqana
Kikubaaqudgha
Makhleb
Nemelex Xobeh
Okawaru
Qazlal
Ru
Trog
Vehumet
Wu Jian
Yredelemnul
Zin
The Shining One

Shops:
D:4 [   D:8 (!!:

Annotations:
D:6 Maggie
D:9 Gastronok


Innate Abilities, Weirdness & Mutations

Scrolls take you a little longer to read.
Armour fits poorly on your strangely shaped body.
Your flesh is heat resistant. (rF+)


Message History

The arrow misses you.
Really read with blurry vision while enemies are nearby? [Y]es or [N]o only, please.
Really read with blurry vision while enemies are nearby? [Y]es or [N]o only, please.
Really read with blurry vision while enemies are nearby?
Okay, then.
There are monsters nearby!
Really read with blurry vision while enemies are nearby?
The centaur shoots an arrow.
The arrow misses you.
The centaur shoots an arrow.
The arrow closely misses you.
You begin reading the scroll.
You continue reading the scroll.
The centaur shoots an arrow.
The arrow hits you!
* * * LOW HITPOINT WARNING * * *
The centaur shoots an arrow.
The arrow barely misses you.
As you read the scroll of fear, it crumbles to dust.
You assume a fearsome visage.
The centaur looks frightened!
The worker ant looks frightened!
The centaur looks frightened!
The centaur shoots an arrow.
The arrow hits you!
You die...

.............
............#
............#
......(.....#
#..........###!
..###.......>....
....##..(.......
###............
#...@..........
#................
...###....#...#...
. ######.c.# ..
...# # #### # #.#


You could see a centaur.

Vanquished Creatures
  A two-headed ogre (D:8)
  Joseph (D:8)
  A hornet (D:8)
  Prince Ribbit (D:5)
  A vampire mosquito (D:8)
  2 water moccasins (D:8)
  Duvessa (D:5)
  An ice beast (D:7)
  3 orc warriors
  A black bear (D:7)
  A phantom (D:7)
  5 centaurs
  6 ogres
  3 bullfrogs
  A gnoll sergeant (D:8)
  Dowan (D:5)
  A water moccasin zombie (D:8)
  4 scorpions
  A wyvern skeleton (D:8)
  6 wights
  A bullfrog zombie (D:8)
  2 hounds
  2 bullfrog skeletons (D:4)
  2 centaur skeletons
  A jelly (D:6)
  6 orc priests
  Crazy Yiuf (D:4)
  2 iguanas
  9 worker ants
  Natasha (thrice) (D:4)
  8 orc wizards
  A killer bee zombie (D:6)
  2 worker ant zombies
  7 gnolls
  A howler monkey skeleton (D:6)
  9 adders
  3 shadow imps
  4 white imps
  3 ufetubi
  An ooze (D:2)
  An adder skeleton (D:9)
  6 worms
  8 leopard geckos
  32 orcs
  2 ball pythons (D:2)
  5 bats
  4 giant cockroaches
  6 goblins
  5 hobgoblins
  19 jackals
  3 quokkas
  5 frilled lizards
  4 kobolds
  A quokka zombie (D:6)
  3 rats
214 creatures vanquished.

Notes
Turn   | Place    | Note
-------+----------+-------------------------------------------
     0 | D:1      | buriedalive the Deep Elf Ice Elementalist began the quest
                  | for the Orb.
     0 | D:1      | Reached XP level 1. HP: 10/10 MP: 6/6
   745 | D:1      | Reached XP level 2. HP: 10/15 MP: 6/8
   920 | D:1      | Reached skill level 3 in Dodging
  1660 | D:2      | Reached XP level 3. HP: 5/19 MP: 2/9
  2001 | D:2      | Reached skill level 5 in Ice Magic
  2934 | D:3      | Noticed an ice beast
  3219 | D:3      | Reached skill level 4 in Dodging
  3365 | D:3      | Reached XP level 4. HP: 24/24 MP: 7/10
  3581 | D:3      | Reached XP level 5. HP: 28/28 MP: 4/11
  3587 | D:3      | Learned a level 3 spell: Frozen Ramparts
  3591 | D:3      | Learned a level 3 spell: Ozocubu's Armour
  3976 | D:3      | Reached skill level 5 in Dodging
  4102 | D:4      | Noticed an ogre
  4102 | D:4      | Noticed an ogre
  4112 | D:4      | Killed an ogre
  4117 | D:4      | Killed an ogre
  4118 | D:4      | Reached XP level 6. HP: 11/32 MP: 1/12
  4444 | D:4      | Found a staircase to the Ecumenical Temple.
  4461 | D:4      | Reached skill level 6 in Dodging
  4503 | Temple   | Entered the Ecumenical Temple
  4661 | Temple   | Became a worshipper of Ashenzari the Shackled
  4984 | D:4      | Noticed Natasha
  4991 | D:4      | Killed Natasha
  4992 | D:4      | Reached XP level 7. HP: 28/36 MP: 1/13
  5067 | D:4      | Noticed Natasha
  5091 | D:4      | Killed Natasha
  5177 | D:4      | Noticed Natasha
  5185 | D:4      | Killed Natasha
  5256 | D:4      | Found Ythiq's Armour Boutique.
  5317 | D:4      | Bought a +0 leather armour of fire resistance for 108 gold
                  | pieces
  5489 | D:4      | Reached skill level 7 in Dodging
  5670 | D:4      | Found a runed translucent door.
  5671 | D:4      | Noticed Crazy Yiuf
  6023 | D:4      | Killed Crazy Yiuf
  6148 | D:5      | Entered Level 5 of the Dungeon
  6476 | D:5      | Noticed Prince Ribbit
  6506 | D:5      | Killed Prince Ribbit
  6507 | D:5      | Reached skill level 8 in Dodging
  6507 | D:5      | Reached XP level 8. HP: 27/41 MP: 0/14
  6613 | D:5      | Learned a level 4 spell: Summon Ice Beast
  6886 | D:5      | Reached skill level 1 in Summonings
  7016 | D:5      | Noticed Duvessa
  7025 | D:5      | Killed Duvessa
  7026 | D:5      | Noticed Dowan
  7048 | D:5      | Killed Dowan
  7384 | D:6      | Reached skill level 9 in Dodging
  7834 | D:6      | Noticed Maggie
  8377 | D:6      | Reached XP level 9. HP: 45/45 MP: 10/15
  8463 | D:6      | Reached * piety under Ashenzari
  9014 | D:7      | Gained mutation: Armour fits poorly on your strangely
                  | shaped body. [potion of mutation]
  9014 | D:7      | Gained mutation: Scrolls take you a little longer to read.
                  | [potion of mutation]
  9014 | D:7      | Gained mutation: Your flesh is heat resistant. (rF+)
                  | [potion of mutation]
  9293 | D:7      | Reached skill level 10 in Dodging
  9519 | D:7      | Reached skill level 5 in Summonings
  9519 | D:7      | Reached skill level 10 in Ice Magic
  9655 | D:7      | Reached skill level 1 in Fighting
 10740 | D:8      | Found Xeupsimp's Distillery.
 10791 | D:8      | Bought a potion of heal wounds for 65 gold pieces
 11156 | D:8      | Found a bloodstained altar of Trog.
 11302 | D:8      | Reached skill level 11 in Dodging
 11420 | D:8      | Noticed a two-headed ogre
 11433 | D:8      | Killed a two-headed ogre
 11434 | D:8      | Reached skill level 5 in Spellcasting
 11434 | D:8      | Reached XP level 10. HP: 21/56 MP: 8/20
 11651 | D:8      | Found Deacesch's Weapon Emporium.
 11703 | D:8      | Found Botaet's Distillery.
 12145 | D:8      | Found Wackudu's Book Boutique.
 12149 | D:8      | Noticed Joseph
 12162 | D:8      | Killed Joseph
 12757 | D:8      | Identified the cursed +1 dagger of the Hall of Blades
                  | {pain, Str+8 Int+4}
 12997 | D:9      | Noticed Gastronok
 13016 | D:9      | Shot with an arrow by a centaur

Illustrated notes

Levels and vault maps discovered:
D:1:      minmay_arrival_semitransparent, layout_loops_ring
D:2:      layout_basic, serial_forest, infiniplex_forest_end_3,
          infiniplex_forest_clump_medium, infiniplex_forest_end_double,
          infiniplex_forest_clump_tiny
D:3:      layout_loops_ring
D:4:      layout_cave_pools, minmay_temple_entry_statues_fountains,
          serial_shops, nicolae_shop_trees, uniq_crazy_yiuf_cottage,
          uniq_natasha
D:5:      layout_cave_pools, uniq_duvessa, uniq_prince_ribbit1
D:6:      layout_cave_pools, uniq_maggie
D:7:      layout_rooms
D:8:      layout_gridville, nicolae_overflow_crystal_walls, serial_shops,
          kennysheep_mini, shop, nicolae_shop_behind_doors, shop,
          minmay_manual_monstrance, uniq_joseph
D:9:      minmay_the_grid_four_pointed_star
          [minmay_the_grid_triangle_9x9_windchime,
          minmay_the_grid_triangle_9x9_alien,
          minmay_the_grid_triangle_9x9_intruding_spiral,
          minmay_the_grid_triangle_9x9_thin_v,
          minmay_the_grid_prize_four_corners_diamond_b], layout_cross,
          serial_rivers, chequers_serial_rivers_micro_b,
          chequers_serial_rivers_marsh, chequers_serial_rivers_room_b,
          chequers_serial_rivers_marsh, chequers_serial_rivers_room_b,
          uniq_gastronok, uniq_erica
Temple:   nicolae_temple_the_god_donut

Skill      XL: |  1  2  3  4  5  6  7  8  9 10 |
---------------+-------------------------------+-----
Dodging        | 3 4 5 6 8 9 11 | 11.9
Ice Magic      | 5 6 7 8 9 10 | 10.0
Summonings     | 4 6 |  6.0
Fighting       | 3 4 |  4.4
Spellcasting   | 5 6 |  6.0
Stealth        | |  2.4

Action                   |  1- 3 |  4- 6 |  7- 9 | 10-12 || total
-------------------------+-------+-------+-------+-------++-------
Melee: Dagger            |    36 |    36 |   263 |    65 ||   400
       Quarterstaff      |       |       |    49 |       ||    49
       Unarmed           |       |       |     2 |       ||     2
 Cast: Freeze            |    55 |    27 |    43 |    22 ||   147
       Frozen Ramparts   |       |    12 |    58 |     8 ||    78
       Ozocubu's Armour  |       |     5 |    29 |     5 ||    39
Invok: Curse Item        |       |       |     1 |       ||     1
  Use: Scroll            |     2 |       |    18 |     3 ||    23
       Potion            |       |     1 |     5 |     2 ||     8
 Stab: Sleeping          |     6 |     1 |     3 |     2 ||    12
       Distracted        |       |       |     1 |       ||     1
Armor: Robe              |    14 |    12 |       |       ||    26
       Leather armour    |       |       |    60 |     4 ||    64
Dodge: Dodged            |    80 |    42 |   277 |    78 ||   477
